TOP OF THE 1ST |
Nassau Rockets batting - Pitching for El Dorado Oilers : RHP Barton Johnson
|
Pitching: RHP Barton Johnson
|
|
Batting: RHB Jesús Villalobos
|
0-0: Foul Ball, location: 2F 0-1: Foul Ball, location: 2F 0-2: Ball 1-2: Strikes out swinging
|
Batting: LHB Dusty Wilson
|
0-0: Swinging Strike 0-1: Ball 1-1: Foul Ball, location: 2F 1-2: Fly out, F8 (Line Drive, 89M)
|
Batting: SHB Edgardo Osorio
|
0-0: Called Strike 0-1: Ball 1-1: Fly out, F6 (Line Drive, 56)
|
Top of the 1st over - 0 runs, 0 hits, 0 errors, 0 left on base; Nassau 0 - El Dorado 0 |
BOTTOM OF THE 1ST |
El Dorado Oilers batting - Pitching for Nassau Rockets : RHP Paço Boda
|
Pitching: RHP Paço Boda
|
|
Batting: LHB Al Gaines
|
0-0: Foul Ball, location: 2F 0-1: Ball 1-1: Ground out 4-3 (Groundball, 4)
|
Batting: SHB Theron Harper
|
0-0: Ball 1-0: Swinging Strike 1-1: Ball 2-1: Foul Ball, location: 2F 2-2: Ball 3-2: SINGLE (Groundball, 2L) (infield hit)
|
Batting: RHB Ernesto Acosta
|
0-0: Ball Wild Pitch! Theron Harper to second 1-0: Ball 2-0: Fly out, F4 (Popup, 34S)
|
Batting: LHB José Hernández
|
0-0: Called Strike 0-1: Ball 1-1: Ground out 6-3 (Groundball, 6)
|
Bottom of the 1st over - 0 runs, 1 hit, 0 errors, 1 left on base; Nassau 0 - El Dorado 0 |
TOP OF THE 2ND |
Nassau Rockets batting - Pitching for El Dorado Oilers : RHP Barton Johnson
|
Batting: RHB Wallace Greene
|
0-0: Ball 1-0: Fly out, F8 (Flyball, 8RM)
|
Batting: RHB Dexter Potter
|
0-0: Ball 1-0: Swinging Strike 1-1: Ball 2-1: Swinging Strike 2-2: Foul Ball, location: 2F 2-2: Strikes out looking
|
Batting: RHB António Zúńiga
|
0-0: Called Strike 0-1: Ball 1-1: Ground out 4-3 (Groundball, 4)
|
Top of the 2nd over - 0 runs, 0 hits, 0 errors, 0 left on base; Nassau 0 - El Dorado 0 |
BOTTOM OF THE 2ND |
El Dorado Oilers batting - Pitching for Nassau Rockets : RHP Paço Boda
|
Batting: LHB Ashley Pickhills
|
0-0: Fly out, F9 (Line Drive, 9)
|
Batting: RHB Tony Hernández
|
0-0: Ball 1-0: Fly out, F8 (Flyball, 8RXD)
|
Batting: RHB José Carlos Caraballo
|
0-0: Ball 1-0: Ground out 4-3 (Groundball, 4)
|
Bottom of the 2nd over - 0 runs, 0 hits, 0 errors, 0 left on base; Nassau 0 - El Dorado 0 |
TOP OF THE 3RD |
Nassau Rockets batting - Pitching for El Dorado Oilers : RHP Barton Johnson
|
Batting: RHB Salvador Borbón
|
0-0: Swinging Strike 0-1: Foul Ball, location: 2F 0-2: Ball 1-2: Ball 2-2: Ball 3-2: Fly out, F3 (Popup, 34S)
|
Batting: LHB Juan Romero
|
0-0: Ball 1-0: Swinging Strike 1-1: Reached on error, E5 (Groundball, 56)
|
Batting: RHB Kenji Kudo
|
0-0: Called Strike 0-1: Called Strike 0-2: Foul Ball, location: 2F 0-2: Strikes out swinging
|
Batting: RHB Jesús Villalobos
|
0-0: Foul Ball, location: 2F 0-1: Swinging Strike 0-2: Ball 1-2: Ball 2-2: Strikes out looking
|
Top of the 3rd over - 0 runs, 0 hits, 1 error, 1 left on base; Nassau 0 - El Dorado 0 |
BOTTOM OF THE 3RD |
El Dorado Oilers batting - Pitching for Nassau Rockets : RHP Paço Boda
|
Batting: LHB Mathew Clayton
|
0-0: Ball 1-0: Swinging Strike 1-1: Foul Ball, location: 2F 1-2: Strikes out swinging
|
Batting: RHB Vicente Carona
|
0-0: Foul Ball, location: 2F 0-1: Fly out, F7 (Flyball, 7LSF)
|
Batting: LHB Al Gaines
|
0-0: Ball 1-0: Ball 2-0: Called Strike 2-1: Fly out, F9 (Flyball, 9LSF)
|
Bottom of the 3rd over - 0 runs, 0 hits, 0 errors, 0 left on base; Nassau 0 - El Dorado 0 |
TOP OF THE 4TH |
Nassau Rockets batting - Pitching for El Dorado Oilers : RHP Barton Johnson
|
Batting: LHB Dusty Wilson
|
0-0: Ball 1-0: Foul Ball, location: 2F 1-1: Called Strike 1-2: Ball 2-2: Foul Ball, location: 2F 2-2: Ball 3-2: Base on Balls
|
Batting: SHB Edgardo Osorio
|
0-0: Ball 1-0: Called Strike 1-1: Ball 2-1: Ball 3-1: Fly out, F7 (Flyball, 78S)
|
Batting: RHB Wallace Greene
|
0-0: Ball 1-0: Swinging Strike 1-1: Foul Ball, location: 2F 1-2: Grounds into double play, 4-6-3 (Groundball, 4)
|
Top of the 4th over - 0 runs, 0 hits, 0 errors, 0 left on base; Nassau 0 - El Dorado 0 |
BOTTOM OF THE 4TH |
El Dorado Oilers batting - Pitching for Nassau Rockets : RHP Paço Boda
|
Batting: SHB Theron Harper
|
0-0: Ball 1-0: Ball 2-0: Ball 3-0: Base on Balls
|
Batting: RHB Ernesto Acosta
|
Balk! Theron Harper to second 0-0: Called Strike 0-1: Swinging Strike 0-2: Fly out, F7 (Flyball, 78XD) Runner from 2nd tags up, SAFE at 3rd, no throw
|
Batting: LHB José Hernández
|
0-0: Ball 1-0: Called Strike 1-1: Fly out, F8 (Flyball, 8LD) Runner from 3rd tags up, SCORES, throw made
|
Batting: LHB Ashley Pickhills
|
0-0: Ball 1-0: Ball 2-0: Fly out, F4 (Flyball, 34D)
|
Bottom of the 4th over - 1 run, 0 hits, 0 errors, 0 left on base; Nassau 0 - El Dorado 1 |
TOP OF THE 5TH |
Nassau Rockets batting - Pitching for El Dorado Oilers : RHP Barton Johnson
|
Batting: RHB Dexter Potter
|
0-0: Ball 1-0: Foul Ball, location: 2F 1-1: Called Strike 1-2: Strikes out swinging, 2-3 out at first.
|
Batting: RHB António Zúńiga
|
0-0: Foul Ball, location: 2F 0-1: Called Strike 0-2: TRIPLE (Flyball, 78XD)
|
Batting: RHB Salvador Borbón
|
0-0: Foul Ball, location: 2F 0-1: Called Strike 0-2: Ball 1-2: Ball 2-2: Ball 3-2: Base on Balls
|
Batting: LHB Juan Romero
|
0-0: Called Strike 0-1: Ball 1-1: Called Strike 1-2: DOUBLE (Line Drive, 7LM) António Zúńiga scores Salvador Borbón to third
|
Batting: RHB Kenji Kudo
|
0-0: Ball 1-0: 3-RUN HOME RUN (Flyball, 89XD), Distance : 383 ft
|
Batting: RHB Jesús Villalobos
|
0-0: Called Strike 0-1: SINGLE (Line Drive, 4MD)
|
Batting: LHB Dusty Wilson
|
0-0: Ball 1-0: SINGLE (Groundball, 56D) Jesús Villalobos to second
|
Batting: SHB Edgardo Osorio
|
0-0: Called Strike 0-1: Ball 1-1: Foul Ball, location: 2F 1-2: Ball 2-2: Ball 3-2: Foul Ball, location: 2F 3-2: Grounds into double play, 4-6-3 (Groundball, 4)
|
Top of the 5th over - 4 runs, 5 hits, 0 errors, 1 left on base; Nassau 4 - El Dorado 1 |
BOTTOM OF THE 5TH |
El Dorado Oilers batting - Pitching for Nassau Rockets : RHP Paço Boda
|
Batting: RHB Tony Hernández
|
0-0: Called Strike 0-1: Ball 1-1: Ball 2-1: Swinging Strike 2-2: Strikes out swinging
|
Batting: RHB José Carlos Caraballo
|
0-0: Called Strike 0-1: Ball 1-1: Swinging Strike 1-2: Ball 2-2: SOLO HOME RUN (Flyball, 7D), Distance : 387 ft
|
Batting: LHB Mathew Clayton
|
0-0: Ball 1-0: Ball 2-0: Called Strike 2-1: Foul Ball, location: 2F 2-2: DOUBLE (Line Drive, 5D)
|
Batting: RHB Vicente Carona
|
0-0: Ball Mathew Clayton steals 3rd base 1-0: Foul Ball, location: 2F 1-1: Called Strike 1-2: Ball 2-2: Strikes out swinging
|
Batting: LHB Al Gaines
|
0-0: Ball 1-0: Called Strike 1-1: Ball 2-1: Foul Ball, location: 2F 2-2: Foul Ball, location: 2F 2-2: SINGLE (Groundball, 4MD) Mathew Clayton scores
|
Batting: SHB Theron Harper
|
Pickoff Throw to First - Error! E1 Al Gaines to second 0-0: Ball 1-0: SINGLE (Groundball, 6D) Al Gaines to third Runner from 3rd tries for Home, SAFE, throw made home Theron Harper to second
|
Batting: RHB Ernesto Acosta
|
0-0: Ball 1-0: Swinging Strike 1-1: Swinging Strike 1-2: Fly out, F7 (Flyball, 78M)
|
Bottom of the 5th over - 3 runs, 4 hits, 1 error, 1 left on base; Nassau 4 - El Dorado 4 |
TOP OF THE 6TH |
Nassau Rockets batting - Pitching for El Dorado Oilers : RHP Barton Johnson
|
Batting: RHB Wallace Greene
|
0-0: Swinging Strike 0-1: Swinging Strike 0-2: Ball 1-2: Foul Ball, location: 2F 1-2: Ball 2-2: Ball 3-2: Strikes out swinging
|
Batting: RHB Dexter Potter
|
0-0: Ball 1-0: Foul Ball, location: 2F 1-1: Foul Ball, location: 2F 1-2: SINGLE (Flyball, 78S)
|
Batting: RHB António Zúńiga
|
0-0: Fly out, F9 (Flyball, 9S)
|
Batting: RHB Salvador Borbón
|
0-0: Ball 1-0: Ball 2-0: Foul Ball, location: 2F 2-1: Foul Ball, location: 2F 2-2: Ball 3-2: Base on Balls Dexter Potter to second
|
Batting: LHB Juan Romero
|
0-0: Called Strike 0-1: Ball 1-1: Ground out 1-3 (Groundball, 15S)
|
Top of the 6th over - 0 runs, 1 hit, 0 errors, 2 left on base; Nassau 4 - El Dorado 4 |
BOTTOM OF THE 6TH |
El Dorado Oilers batting - Pitching for Nassau Rockets : RHP Paço Boda
|
Batting: LHB José Hernández
|
0-0: Ball 1-0: SOLO HOME RUN (Flyball, 7LD), Distance : 352 ft
|
Pitching: RHP Chris Marshall
|
|
Batting: LHB Ashley Pickhills
|
0-0: Ball 1-0: Called Strike 1-1: Ball 2-1: SINGLE (Flyball, 7S)
|
Batting: RHB Tony Hernández
|
0-0: Ball 1-0: Ball 2-0: Called Strike 2-1: Foul Ball, location: 2F 2-2: Foul Ball, location: 2F 2-2: Fly out, F3 (Popup, 3)
|
Batting: RHB José Carlos Caraballo
|
0-0: Called Strike 0-1: Ground out U3 (Groundball, 3S) Ashley Pickhills to second
|
Batting: LHB Mathew Clayton
|
0-0: Ball 1-0: Called Strike 1-1: Swinging Strike 1-2: Ground out 6-3 (Groundball, 6M)
|
Bottom of the 6th over - 1 run, 2 hits, 0 errors, 1 left on base; Nassau 4 - El Dorado 5 |
TOP OF THE 7TH |
Nassau Rockets batting - Pitching for El Dorado Oilers : RHP Barton Johnson
|
Pitching: RHP César López
|
|
Batting: RHB Kenji Kudo
|
0-0: Ball 1-0: Called Strike 1-1: Swinging Strike 1-2: Fly out, F8 (Flyball, 8LXD)
|
Batting: RHB Jesús Villalobos
|
0-0: Called Strike 0-1: Ball 1-1: Ball 2-1: Called Strike 2-2: Ground out 1-3 (Groundball, 13)
|
Batting: LHB Dusty Wilson
|
0-0: Ball 1-0: Called Strike 1-1: Called Strike 1-2: DOUBLE (Flyball, 78XD)
|
Batting: SHB Edgardo Osorio
|
0-0: Ball 1-0: Called Strike 1-1: Ball 2-1: Fly out, F8 (Flyball, 89M)
|
Top of the 7th over - 0 runs, 1 hit, 0 errors, 1 left on base; Nassau 4 - El Dorado 5 |
BOTTOM OF THE 7TH |
El Dorado Oilers batting - Pitching for Nassau Rockets : RHP Chris Marshall
|
Batting: RHB Vicente Carona
|
0-0: Ball 1-0: Fly out, F7 (Line Drive, 7S)
|
Batting: LHB Al Gaines
|
0-0: Ball 1-0: Ball 2-0: Swinging Strike 2-1: Foul Ball, location: 2F 2-2: DOUBLE (Line Drive, 89D)
|
Batting: SHB Theron Harper
|
0-0: Called Strike Al Gaines is caught stealing 3rd base 0-1: Swinging Strike 0-2: Ball 1-2: Ground out 6-3 (Groundball, 6)
|
Bottom of the 7th over - 0 runs, 1 hit, 0 errors, 0 left on base; Nassau 4 - El Dorado 5 |
TOP OF THE 8TH |
Nassau Rockets batting - Pitching for El Dorado Oilers : RHP César López
|
Batting: RHB Wallace Greene
|
0-0: Ground out 4-3 (Groundball, 4)
|
Batting: RHB Dexter Potter
|
0-0: Called Strike 0-1: Fly out, F2 (Popup, 3SF)
|
Batting: RHB António Zúńiga
|
0-0: Called Strike 0-1: Ball 1-1: Ball 2-1: Ball 3-1: Base on Balls
|
Batting: RHB Salvador Borbón
|
0-0: Fly out, F3 (Popup, 23F)
|
Top of the 8th over - 0 runs, 0 hits, 0 errors, 1 left on base; Nassau 4 - El Dorado 5 |
BOTTOM OF THE 8TH |
El Dorado Oilers batting - Pitching for Nassau Rockets : RHP Chris Marshall
|
Batting: RHB Ernesto Acosta
|
0-0: Ball 1-0: Called Strike 1-1: Foul Ball, location: 2F 1-2: Strikes out swinging
|
Batting: LHB José Hernández
|
0-0: Called Strike 0-1: Swinging Strike 0-2: Reached on error, E9 (Line Drive, 9)
|
Batting: LHB Ashley Pickhills
|
0-0: Called Strike 0-1: Swinging Strike 0-2: Foul Ball, location: 2F 0-2: Ground out U3 (Groundball, 34S) José Hernández to second
|
Pinch Hitting: LHB Chris Miller
|
0-0: Ball 1-0: Ball 2-0: Ball 3-0: Called Strike 3-1: Swinging Strike 3-2: Strikes out swinging
|
Bottom of the 8th over - 0 runs, 0 hits, 1 error, 1 left on base; Nassau 4 - El Dorado 5 |
TOP OF THE 9TH |
Nassau Rockets batting - Pitching for El Dorado Oilers : RHP César López
|
Pitching: RHP Kuang-yin Yue
|
|
Now at 1B: José Montoya
|
|
Now at SS: Nick Webb
|
|
Batting: LHB Juan Romero
|
0-0: SINGLE (Line Drive, 6D)
|
Batting: RHB Kenji Kudo
|
0-0: Ground out 4-3 (Groundball, 34S) Juan Romero to second
|
Pinch Hitting: LHB Wilson Allen
|
0-0: Called Strike 0-1: Called Strike 0-2: Ball 1-2: Strikes out swinging
|
Batting: LHB Dusty Wilson
|
0-0: Ball 1-0: Ball 2-0: Called Strike 2-1: Foul Ball, location: 2F 2-2: Strikes out swinging
|
Top of the 9th over - 0 runs, 1 hit, 0 errors, 1 left on base; Nassau 4 - El Dorado 5 |
|